 Dungeon Crawl Stone Soup version bcrawl-1.28.1b (webtiles) character file.

Game seed: 1306889141612702529

460196 LostNumber the Nimble (level 13, -4/90 HPs)
             Began as a Fairy Fighter on Nov 29, 2020.
             Was a High Priest of Okawaru.
             Engulfed by a fire crab's flame (5 damage)
             ... in a Gauntlet on Dec 5, 2020.
             The game lasted 00:28:21 (15970 turns).

LostNumber the Nimble (Fairy Fighter)              Turns: 15970, Time: 00:28:21

Health: -4/90      AC: 10    Str: 14    XL:     13   Next: 99%
Magic:  21/22      EV: 27    Int: 13    God:    Okawaru [*****.]
Gold:   1111       SH: 31    Dex: 16    Spells: 12/12 levels left

rFire    . . .     SeeInvis +   h - +7 long sword (holy)
rCold    . . .     Gourm    .   b - +0 medium shield
rNeg     . . .     Faith    .   (armour unavailable)
rPois    .         Spirit   .   a - +0 hat {MR+}
rElec    .         Reflect  +   H - scarf {repulsion}
rCorr    .         Harm     .   O - +0 pair of gloves {archery}
MR       +++..     NoTele   +   i - +1 pair of boots
Stlth    ++........             J - +4 amulet of reflection
HPRegen  0.25/turn              l - ring of protection from magic
MPRegen  0.18/turn              z - ring of see invisible

@: heroism, repel missiles
A: small, magic attunement, unstealthy, unfitting armour, able to fly, AC/SH +7
a: Fly, Heroism, Finesse, Renounce Religion


You were in a Gauntlet.
You worshipped Okawaru.
Okawaru was extremely pleased with you.
You were not hungry.

You visited 2 branches of the dungeon, and saw 15 of its levels.
You also visited: Sewer and Gauntlet.

You collected 1314 gold pieces.
You spent 203 gold pieces at shops.

Inventory:

Hand Weapons
 h - a +7 long sword of holy wrath (weapon)
   (Okawaru gifted it to you on level 1 of the Lair of Beasts)
 K - a +2 dagger of draining
   (You took it off an orc wizard on level 9 of the Dungeon)
Missiles
 F - a throwing net {=f!f}
Armour
 a - a +0 hat of magic resistance (worn)
   (Okawaru gifted it to you on level 3 of the Lair of Beasts)
 b - a +0 medium shield (worn)
 i - a +1 pair of boots (worn)
   (You found it on level 1 of the Dungeon)
 t - a scarf of stasis
   (You found it on level 4 of the Lair of Beasts)
 C - the +0 pair of boots "Verrawk" {rC+}
   (You found it on level 6 of the Dungeon)

   It protects you from cold.
 H - a scarf of repulsion (worn)
   (You found it on level 7 of the Dungeon)
 O - a +0 pair of gloves of archery (worn)
   (Okawaru gifted it to you on level 1 of the Lair of Beasts)
 V - a +1 helmet
   (You found it on level 1 of the Lair of Beasts)
Jewellery
 l - a ring of protection from magic (left hand)
   (You took it off a goblin on level 3 of the Dungeon)
 o - an uncursed ring of protection from cold
   (You found it on level 4 of the Dungeon)
 z - a ring of see invisible (right hand)
   (You found it on level 5 of the Dungeon)
 J - a +4 amulet of reflection (around neck)
   (You found it on level 1 of the Lair of Beasts)
 S - the ring "Jojabubu" {Wiz Str+3 Dex+3}
   (You found it on level 10 of the Dungeon)

   [ring of wizardry]

   It improves your spell success rate.
   It affects your strength (+3).
   It affects your dexterity (+3).
Wands
 d - a wand of iceblast (12)
   (You found it on level 1 of the Lair of Beasts)
 p - a wand of random effects (12)
   (You found it on level 6 of the Dungeon)
 u - a wand of paralysis (9)
   (You found it on level 6 of the Dungeon)
 x - a wand of acid (8)
   (You found it on level 8 of the Dungeon)
 X - a wand of clouds (6)
   (You found it on level 1 of the Lair of Beasts)
Scrolls
 c - a scroll of amnesia
 f - a scroll of blinking
 g - a scroll of enchant armour
 k - 4 scrolls of teleportation {@r4}
 q - 3 scrolls of fog
 y - a scroll of vulnerability {!r}
 E - 4 scrolls of identify {@r1}
 G - 6 scrolls of remove curse {@r2}
 M - a scroll of enchant weapon
 P - a scroll of immolation {!r}
 W - 4 scrolls of fear
Potions
 j - 2 potions of flight
 m - 4 potions of brilliance
 r - 2 potions of magic
 s - a potion of ambrosia
 v - a potion of resistance
 w - 3 potions of lignification {!q}
 A - a potion of might
 B - 2 potions of agility
 D - 5 potions of heal wounds {@q2}
 L - 3 potions of berserk rage
 N - 11 potions of curing {@q1}
 Q - a potion of mutation {!q}
 T - a potion of haste {unknown}
Comestibles
 e - 26 rations {!d!d}


   Skills:
 + Level 9.5(14.5) Fighting
 - Level 2.7(14.3) Short Blades
 * Level 11.5(16.6) Long Blades
 + Level 13.0(18.0) Dodging
 + Level 12.1(17.1) Shields
 + Level 9.4 Invocations


You had 12 spell levels left.
You didn't know any spells.
Your spell library was empty.

Dungeon Overview and Level Annotations

Branches:
Dungeon (10/12)            Temple (0/1) D:7            Lair (5/6) D:8
  Swamp (0/3) Lair:3        Snake (0/3) Lair:2          Orc (0/1) D:10
  Slime: Lair:5-6

Altars:
Cheibriados
Dithmenos
Elyvilon
Lugonu
Nemelex Xobeh
Okawaru
Qazlal
Ru
Sif Muna
Trog
Wu Jian
Yredelemnul
Beogh

Shops:
D:6 [   D:8 (

Annotations:
D:2 1 runed door
D:9 exclusions: plant and 3 more exclusions Gauntlet 9 transporters


Innate Abilities, Weirdness & Mutations

Your spells do not cause hunger and MP costs are reduced by 1.
Your bright wings attract enemies. (Stealth-)
You cannot fit into any form of body armour.
Your shimmering scales are hard and can block incoming attacks. (AC +7, SH +7)
You are small and have problems with some larger weapons.
You can fly continuously.


Message History

Wear which item? (? for menu, Esc to quit)
Okay, then.
Wear which item? (? for menu, Esc to quit)
Okay, then.
There is a gate leading back out of this place here.
There is a transporter here.
You gain the combat prowess of a mighty hero.
You enter the transporter and appear at another place.
The fire crab breathes flames at you.
The blast of flame engulfs the fire bat.
The fire bat completely resists.
You closely miss the fire bat.
You are engulfed in blazing flames.
You block the fire bat's attack. x2
You miss the fire bat.
You are engulfed in blazing flames.
You block the fire bat's attack. x2
You slash the fire bat!
You are engulfed in blazing flames.
You block the fire bat's attack. x2
You hit the fire bat. You block the fire bat's attack. x4
The fire crab breathes flames at you.
The blast of flame engulfs the fire bat.
The fire bat completely resists.
You barely miss the fire bat.
You are engulfed in blazing flames.
You block the fire bat's attack. x2
You miss the fire bat.
You are engulfed in blazing flames.
You block the fire bat's attack. x2
The fire crab breathes flames at you. The blast of flame misses you.
You slice the fire bat!!
You kill the fire bat!
Okawaru accepts your kill.
You are engulfed in blazing flames.
* * * LOW HITPOINT WARNING * * *
You block the fire bat's attack.
You hit the fire bat.
You are engulfed in blazing flames.
* * * LOW HITPOINT WARNING * * *
You block the fire bat's attack. x2
The fire bat completely misses you. The fire crab breathes flames at you.
The blast of flame engulfs you but does no damage.
Unknown command.
You slash the fire crab!
You are engulfed in blazing flames.
* * * LOW HITPOINT WARNING * * *
The fire bat closely misses you. You block the fire crab's attack. x2
You hit the fire crab.
You are engulfed in blazing flames.
* * * LOW HITPOINT WARNING * * *
You block the fire bat's attack. x2; You block the fire crab's attack. x2
Unknown command.
Unknown command.
You hit the fire crab.
You are engulfed in blazing flames.
You die...

######.....###########..#
........................#
........⌠.......∩......∩#
........................#
######.....###########..#
....J#.....#.........#..#
..##.#.....#.#°#°#.#.#..#
.##..#.....#=.#°#t#..#..#
.#...###.###.#.#@#.#.#..#
©....#©#.#©#©.#b°°#..#©.#
.#...#.#.#.#%#°#.#°#.#..#
.##..#.#.#.#..#.#.#..#..#
..##.#.#.#.#.#°#.#°#.#..#
.....#.#.#.#.........#..#
######.#.#.###########..#
.#.....#.#.....#........#
.#.#####.#####.#.......8#


You could see a fire crab and a fire bat.

Vanquished Creatures
  A hydra (Lair:4)
  2 centaur warriors (D:10)
  An ogre mage (D:9)
  5 two-headed ogres
  Nergalle (D:10)
  A wizard (D:10)
  5 large abominations (D:10)
  A black mamba (Lair:1)
  A centaur zombie (D:10)
  A gargoyle (D:9)
  A rime drake (Lair:5)
  12 cane toads
  4 komodo dragons
  2 tyrant leeches (Lair:3)
  2 trolls
  9 blink frogs
  Prince Ribbit (D:8)
  5 hippogriffs
  A vampire (D:10)
  37 yaks
  3 wyverns
  A fire bat (Gauntlet)
  A wraith (D:10)
  A fire elemental (Lair:2)
  5 basilisks
  A steam dragon (Lair:4)
  A hungry ghost (D:8)
  8 crocodiles
  A soldier ant (D:8)
  7 nagas (Lair:2)
  A swamp worm (Lair:3)
  An acid dragon (Lair:2)
  7 water moccasins
  6 orc warriors
  13 porcupines
  3 ice beasts
  3 sky beasts
  2 eyes of draining (D:10)
  9 ogres
  2 black bears
  11 centaurs
  15 wolves
  4 phantoms
  10 bullfrogs
  A big kobold (D:6)
  7 small abominations (D:10)
  A water moccasin zombie (D:8)
  4 scorpions
  A water moccasin skeleton (D:10)
  18 killer bees
  4 howler monkeys
  5 electric eels
  2 lava snakes (Lair:2)
  2 quasits (D:9)
  5 crimson imps
  A jelly (D:7)
  5 orc priests
  2 bullfrog skeletons
  6 hounds
  Jessica (D:2)
  A centaur skeleton (D:8)
  15 orc wizards
  3 iguanas
  8 worker ants
  2 hound skeletons
  2 hound zombies
  3 gnolls (D:4)
  12 adders
  A shadow imp (D:6)
  2 oozes
  3 adder skeletons
  5 worms
  A dart slug (D:2)
  6 leopard geckos
  45 orcs
  5 bats
  3 giant cockroaches
  5 goblins
  9 hobgoblins
  10 jackals
  24 kobolds
  2 quokkas
  3 ball pythons (Sewer)
  5 frilled lizards
  10 rats
  A fungus (D:6)
460 creatures vanquished.

Vanquished Creatures (others)
  2 bushes (Lair:1)
  22 fungi
  14 plants
  4 toadstools (D:6)
42 creatures vanquished.

Grand Total: 502 creatures vanquished

Notes
Turn   | Place    | Note
-------+----------+-------------------------------------------
     0 | D:1      | LostNumber the Fairy Fighter began the quest for the Orb.
     0 | D:1      | Reached XP level 1. HP: 15/15 MP: 3/3
    93 | D:1      | Reached XP level 2. HP: 13/20 MP: 4/4
   273 | D:1      | Reached XP level 3. HP: 25/25 MP: 5/5
   493 | D:2      | Noticed Jessica
   515 | D:2      | Killed Jessica
   515 | D:2      | Reached XP level 4. HP: 20/31 MP: 6/6
   714 | D:2      | Found a runed door.
  1013 | D:2      | Reached skill level 1 in Long Blades
  1013 | D:2      | Reached XP level 5. HP: 36/36 MP: 7/7
  1054 | D:2      | Found a basalt altar of Yredelemnul.
  1055 | D:2      | Found a shadowy altar of Dithmenos.
  1055 | D:2      | Found a stormy altar of Qazlal.
  1055 | D:2      | Found an ornate altar of the Wu Jian Council.
  1178 | D:3      | Reached skill level 5 in Dodging
  1397 | D:3      | Found an iron altar of Okawaru.
  1486 | D:3      | Reached XP level 6. HP: 3/42 MP: 8/8
  1687 | D:3      | Became a worshipper of Warmaster Okawaru
  1963 | D:3      | Reached skill level 5 in Shields
  2155 | D:4      | Found a sparkling altar of Nemelex Xobeh.
  2320 | D:4      | Found a sacrificial altar of Ru.
  2349 | D:4      | Reached skill level 1 in Invocations
  2414 | D:4      | Reached XP level 7. HP: 36/47 MP: 9/9
  2638 | D:4      | Reached * piety under Okawaru
  2756 | D:4      | Found a white marble altar of Elyvilon.
  2997 | D:4      | Reached skill level 6 in Dodging
  3250 | D:5      | Entered Level 5 of the Dungeon
  3289 | D:5      | Found a corrupted altar of Lugonu.
  3340 | D:5      | Found a glowing drain.
  3344 | Sewer    | Entered a sewer
  3556 | Sewer    | Reached XP level 8. HP: 54/54 MP: 11/11
  4103 | D:5      | Reached ** piety under Okawaru
  4132 | D:5      | Reached skill level 7 in Dodging
  4621 | D:5      | Reached skill level 5 in Fighting
  4725 | D:5      | Found a bloodstained altar of Trog.
  4813 | D:6      | Reached skill level 5 in Long Blades
  4813 | D:6      | Reached XP level 9. HP: 48/61 MP: 13/13
  5098 | D:6      | Found an ornate altar of the Wu Jian Council.
  5104 | D:6      | Got a pair of buzzing boots
  5118 | D:6      | Identified the +0 pair of boots "Verrawk" {rC+} (You found
                  | it on level 6 of the Dungeon)
  5205 | D:6      | Found Usantofyr's Armour Emporium.
  5475 | D:6      | Found a snail-covered altar of Cheibriados.
  5724 | D:7      | Found a staircase to the Ecumenical Temple.
  5738 | D:7      | Reached skill level 8 in Dodging
  5814 | D:7      | Reached *** piety under Okawaru
  6235 | D:7      | Noticed a two-headed ogre
  6248 | D:7      | Killed a two-headed ogre
  6248 | D:7      | Reached skill level 5 in Invocations
  6248 | D:7      | Reached XP level 10. HP: 19/68 MP: 13/15
  6489 | D:7      | Found a shimmering blue altar of Sif Muna.
  6655 | D:7      | Reached skill level 9 in Dodging
  6828 | D:8      | Found Botiev's Antique Weapon Emporium.
  6828 | D:8      | Noticed Prince Ribbit
  6838 | D:8      | Killed Prince Ribbit
  6866 | D:8      | Bought a runed scimitar for 203 gold pieces
  7138 | D:9      | Reached **** piety under Okawaru
  7150 | D:9      | Noticed a gargoyle
  7279 | D:9      | Killed a gargoyle
  7831 | D:9      | Reached XP level 11. HP: 64/74 MP: 15/17
  8201 | D:8      | Reached skill level 10 in Dodging
  8263 | D:8      | Found a sacrificial altar of Ru.
  8419 | D:8      | Reached ***** piety under Okawaru
  8688 | D:8      | Found a staircase to the Lair.
  8979 | Lair:1   | Entered Level 1 of the Lair of Beasts
  9055 | Lair:1   | Received a gift from Okawaru
  9533 | D:10     | Entered Level 10 of the Dungeon
  9537 | D:10     | Noticed a two-headed ogre
  9562 | D:10     | Noticed a two-headed ogre
  9571 | D:10     | Killed a two-headed ogre
  9579 | D:10     | Killed a two-headed ogre
  9579 | D:10     | Reached skill level 10 in Shields
  9580 | D:10     | Noticed an ogre mage
  9580 | D:10     | Noticed a two-headed ogre
  9581 | D:10     | Noticed a two-headed ogre
  9676 | D:10     | Noticed a centaur warrior
  9691 | D:10     | Killed a centaur warrior
  9691 | D:10     | Reached XP level 12. HP: 60/82 MP: 19/19
  9694 | D:10     | Noticed Nergalle
  9720 | D:9      | Killed an ogre mage
  9720 | D:9      | Reached skill level 11 in Dodging
  9838 | D:9      | Killed a two-headed ogre
  9844 | D:9      | Killed a two-headed ogre
  9905 | D:10     | Noticed a centaur warrior
  9916 | D:10     | Killed a centaur warrior
 10107 | D:10     | Found a staircase to the Orcish Mines.
 10364 | D:10     | Found a roughly hewn altar of Beogh.
 10654 | D:10     | Killed Nergalle
 10729 | D:10     | Reached skill level 10 in Long Blades
 10873 | D:10     | Found the +7 Singing Sword {slice}
 10877 | D:10     | Got a masterwork morningstar
 10879 | D:10     | Got a bound gossamer ring
 10895 | D:10     | Identified the ring "Jojabubu" {Wiz Str+3 Dex+3} (You found
                  | it on level 10 of the Dungeon)
 10896 | D:10     | Identified the cursed +3 morningstar "Oczay" {antimagic,
                  | MR+ Str+2} (You found it on level 10 of the Dungeon)
 11055 | Lair:1   | Received a gift from Okawaru
 11367 | Lair:1   | Got a brightly glowing platinum ring
 11435 | Lair:1   | Reached XP level 13. HP: 89/89 MP: 21/21
 11788 | Lair:2   | Reached skill level 12 in Dodging
 12521 | Lair:2   | Found a staircase to the Snake Pit.
 13421 | Lair:3   | Received a gift from Okawaru
 13565 | Lair:3   | Identified the ring "Ugut" {+Inv +Fly Dex+3 Stlth-} (You
                  | found it on level 1 of the Lair of Beasts)
 14021 | Lair:3   | Found a staircase to the Swamp.
 14308 | Lair:3   | Upgraded the game from bcrawl-1.28 to bcrawl-1.28.1b
 15632 | Lair:5   | Reached skill level 13 in Dodging
 15673 | Lair:5   | Found a gate leading to a gauntlet.
 15688 | Gauntlet | Entered a Gauntlet
 15688 | Gauntlet | Found a transporter.
 15688 | Gauntlet | Found a transporter.
 15727 | Gauntlet | Noticed a green death
 15728 | Gauntlet | Found a transporter.
 15734 | Gauntlet | Found a transporter.
 15739 | Gauntlet | Noticed a balrug
 15744 | Gauntlet | Found a transporter.
 15765 | Gauntlet | Found a transporter.
 15765 | Gauntlet | Noticed a death ooze
 15773 | Gauntlet | Found a transporter.
 15777 | Gauntlet | Found a transporter.
 15796 | Gauntlet | Found a transporter.
 15796 | Gauntlet | Found a transporter.
 15969 | Gauntlet | HP: 1/90 [fire crab] (10)]
 15970 | Gauntlet | Engulfed by a fire crab's flame

Skill      XL: |  1  2  3  4  5  6  7  8  9 10 11 12 13 |
---------------+----------------------------------------+-----
Shields        | 4 5 6 8 10 11 12 | 12.1
Fighting       | 3 4 5 6 7 8 9 |  9.5
Long Blades    | 1 2 3 5 6 7 9 10 11 | 11.5
Dodging        | 5 6 7 8 9 10 11 13 | 13.0
Invocations    | 1 2 3 5 6 7 8 9 |  9.4
Short Blades   | |  2.7

Action                   |  1- 3 |  4- 6 |  7- 9 | 10-12 | 13-15 || total
-------------------------+-------+-------+-------+-------+-------++-------
Melee: Rapier            |    62 |   268 |   743 |    62 |       ||  1135
       Scimitar          |       |       |       |   843 |       ||   843
       Long sword        |       |       |       |    55 |   718 ||   773
       Dagger            |       |       |       |       |    19 ||    19
Invok: Heroism           |       |       |     8 |    22 |     9 ||    39
       Finesse           |       |       |       |     2 |       ||     2
 Abil: Stop Flying       |       |       |       |       |     1 ||     1
Evoke: Wand              |       |       |       |       |     1 ||     1
  Use: Potion            |       |     1 |     1 |     1 |       ||     3
       Scroll            |       |       |    16 |     8 |     5 ||    29
 Stab: Paralysed         |       |       |       |     1 |       ||     1
  Eat: Chunk             |     1 |    13 |    27 |    37 |    26 ||   104
       Ration            |       |       |     2 |     1 |     1 ||     4
Armor: Skin              |     9 |    51 |   114 |    90 |    25 ||   289
Dodge: Dodged            |    28 |    81 |   286 |   355 |   223 ||   973
       Deflected         |       |       |       |     3 |     4 ||     7
Block: Medium shield     |    44 |   177 |   673 |  1000 |   744 ||  2638
